 Dungeon Crawl Stone Soup version 0.23-a0-839-g6d2b917 (webtiles) character file.

6 tidbits the Charmwright (level 1, -2/20 HPs)
             Began as a Gnoll Skald on Jan 25, 2019.
             Splashed by a jelly's acid (4 damage)
             ... on level 1 of the Dungeon.
             The game lasted 00:01:51 (161 turns).

tidbits the Charmwright (Gnoll Skald)                Turns: 161, Time: 00:01:52

Health: -2/20      AC:  5    Str: 13    XL:     1   Next: 90%
Magic:  2/6        EV: 14    Int: 15    God:
Gold:   9          SH:  0    Dex: 14    Spells: 8/9 levels left

rFire    . . .     SeeInvis .   a - +0 spear
rCold    . . .     Gourm    .   (no shield)
rNeg     . . .     Faith    .   b - +0 leather armour
rPois    .         Spirit   .   (no helmet)
rElec    .         Reflect  .   (no cloak)
rCorr    .         Harm     .   (no gloves)
MR       .....                  F - +1 pair of boots
Stlth    +.........             (no amulet)
HPRegen  0.06/turn              (no ring)
MPRegen  0.10/turn              (no ring)

@: infused
A: distributed training, fangs 1, strong nose
a: no special abilities


You were on level 1 of the Dungeon.
You were not hungry.

You visited 1 branch of the dungeon, and saw 2 of its levels.

You collected 9 gold pieces.

Inventory:

Hand Weapons
 a - a +0 spear (weapon)
 g - a +1 dagger of speed
   (You found it on level 1 of the Dungeon)
Armour
 b - a +0 leather armour (worn)
 e - a +0 shield
 j - a +0 ring mail
 F - a +1 pair of boots (worn)
Scrolls
 f - a scroll of remove curse {unknown}
Potions
 c - a potion of heal wounds {unknown}
 h - a potion of agility {unknown}
 i - a potion of curing {unknown}
Comestibles
 d - a ration


   Skills:
 + Level 4.4 Fighting
 + Level 0.1 Short Blades
 + Level 0.1 Long Blades
 + Level 0.1 Axes
 + Level 0.1 Maces & Flails
 + Level 4.4 Polearms
 + Level 0.1 Staves
 + Level 0.1 Slings
 + Level 0.1 Bows
 + Level 0.1 Crossbows
 + Level 0.1 Throwing
 + Level 2.4 Armour
 + Level 4.4 Dodging
 + Level 0.1 Stealth
 + Level 0.1 Shields
 + Level 0.1 Unarmed Combat
 + Level 4.9 Spellcasting
 + Level 0.1 Conjurations
 + Level 0.1 Hexes
 + Level 5.3 Charms
 + Level 0.1 Summonings
 + Level 0.1 Necromancy
 + Level 0.1 Translocations
 + Level 0.1 Transmutations
 + Level 0.1 Fire Magic
 + Level 0.1 Ice Magic
 + Level 0.1 Air Magic
 + Level 0.1 Earth Magic
 + Level 0.1 Poison Magic
 + Level 0.2 Invocations
 + Level 0.1 Evocations


You had 8 spell levels left.
You knew the following spells:

 Your Spells              Type           Power        Failure   Level  Hunger
i - Infusion              Chrm           ###.         2%          1    None

Your spell library contained the following spells:

 Spells                   Type           Power        Failure   Level  Hunger
 Song of Slaying          Chrm           ###.....     3%          2    ##.....
 Shroud of Golubria       Chrm/Tloc      ##........   11%         2    ##.....
 Regeneration             Chrm/Necr      ##........   21%         3    ###....
 Spectral Weapon          Hex/Chrm       ##......     21%         3    ###....


Dungeon Overview and Level Annotations

Branches:
Dungeon (2/15)

Altars:


Innate Abilities, Weirdness & Mutations

Your experience applies equally to all skills.
You have very sharp teeth.
Your uncanny sense of smell can sniff out nearby items.


Message History

Found a stone staircase leading down.
You see here 9 gold pieces.
You now have 9 gold pieces.
There is a stone staircase leading down here.
You climb downwards.
A bat comes into view.
Found a ration and 14 gold pieces.
There is a stone staircase leading up here.
You climb upwards.
There is a stone staircase leading down here.
Unknown command.
A bat comes into view.
A goblin comes into view.
Your magical infusion is running out.
Unknown command.
Found a scroll labeled XURINW KOOREJ.
Unknown command.
You are no longer magically infusing your attacks.
You see here a scroll labeled XURINW KOOREJ.
f - a scroll labeled XURINW KOOREJ
Found a runed dagger.
Unknown command.
You see here a runed dagger.
g - a runed dagger
Found a coppery potion.
Found a brown potion.
Found a stone staircase leading down.
A kobold comes into view.
Unknown command.
Found a ring mail.
Unknown command.
You see here a brown potion.
h - a brown potion
Casting: Infusion (safe; 2% risk of failure)
Confirm with . or Enter, or press ? or * to list all spells.
You begin infusing your attacks with magical energy.
Unknown command.
You see here a coppery potion.
i - a coppery potion The kobold shouts!
The kobold throws a stone.
The stone completely misses you.
Attack whom?
Press: ? - help, Dir - move target cursor, f - kobold
Aim: a kobold You reach to attack!
You hit the kobold.
The kobold is severely wounded.
Attack whom?
Press: ? - help, Dir - move target cursor, f/p - kobold
Aim: a kobold (severely wounded)
You reach to attack!
You hit the kobold!
You kill the kobold!
A rat comes into view.
You see here a ring mail.
j - a ring mail
There is a stone staircase leading down here.
You climb downwards. 2 rats, a jelly, a kobold and a dart slug come into view.
The jelly quivers.
Found 28 stones.
There is a stone staircase leading up here.
Attack whom?
Press: ? - help, Dir - move target cursor, f - rat
Aim: a rat (resting)
You reach to attack!
The helpless rat fails to defend itself.
You hit the rat.
You kill the rat!
The kobold shouts!
Unknown command.
Unknown command.
The jelly jiggles.
The dart slug launches a dart at you. The slug dart misses you.
Unknown command.
Attack whom?
Press: ? - help, Dir - move target cursor, f - you
Okay, then.
There is a stone staircase leading up here.
A goblin comes into view.
Unknown command.
The goblin shouts!
The rat bites you but does no damage. The jelly barely misses you.
The dart slug bites you but does no damage.
You climb upwards.
The rat bites you but does no damage.
There is a stone staircase leading down here.
Unknown command.
You hit the jelly.
Your hands burn!
The jelly is moderately wounded.
The rat closely misses you. The rat barely misses you. The jelly hits you.
You are splashed with acid!
Ouch! That really hurt!
* * * LOW HITPOINT WARNING * * *
You hit the jelly!
Your hands burn!
* * * LOW HITPOINT WARNING * * *
The jelly is severely wounded.
The dart slug launches a dart at you.
The slug dart hits you but does no damage.
The rat bites you but does no damage. The rat misses you. The jelly misses you.
You hit the jelly.
Your hands burn!
You die...

##.###### #.....
........## #.....
.........# #.....
##......## #.##.#
##.###..#####.##.#######
...........##.##........
##.###......#.##........
##.###..##...(..J.......
...............r@.......
##(###.#....##.#rw......
...##..#.#.....#........
.............#.#........
.(♣♣♣♣♣♣♣♣♣..#.#########
.♣..PP..PP♣..#.#
.♣...P..PP♣..#.#
.♣P...PP..♣..#.#
.♣PP...P..♣..#.#


You could see a jelly, a dart slug and 2 rats.

Vanquished Creatures
  2 hobgoblins (D:1)
  3 kobolds (D:1)
  A rat (D:2)
6 creatures vanquished.

Notes
Turn   | Place    | Note
-------+----------+-------------------------------------------
     0 | D:1      | tidbits the Gnoll Skald began the quest for the Orb.
     0 | D:1      | Reached XP level 1. HP: 20/20 MP: 6/6
   151 | D:2      | Noticed a jelly
   159 | D:1      | HP: 4/20 [acid (10)]
   161 | D:1      | Splashed by a jelly's acid

Vault maps used:
D:1:      scummos_arrival_checkerplants
D:2:      minmay_alternating_diamond, chequers_ecumenical_altar_lobes,
          uniq_jessica, uniq_terence

Action                   || total
-------------------------++-------
Melee: Spear             ||    10
 Cast: Infusion          ||     3
 Stab: Sleeping          ||     1
Armor: Leather armour    ||     5
Dodge: Dodged            ||     9

Table legend:
 A = Non-vault XP
 B = Vault XP
 C = Vault XP percentage of total XP
 D = Non-vault monster count
 E = Vault monster count
 F = Vault count percentage of total count
                 A         B        C        D         E       F
            +---------+---------+-------+---------+---------+-------
      Total |       9 |       0 |   0.0 |       6 |       0 |   0.0
            +---------+---------+-------+---------+---------+-------
        D:1 |       8 |       0 |   0.0 |       5 |       0 |   0.0
        D:2 |       1 |       0 |   0.0 |       1 |       0 |   0.0
            +---------+---------+-------+---------+---------+-------

Table legend:
 A = Turns spent in this place as a percentage of turns spent in the entire game.
 B = Non-inter-level travel turns spent in this place as a percentage of non-inter-level travel turns spent in the entire game.
 C = Inter-level travel turns spent in this place as a percentage of turns spent in this place.
 D = Turns resting spent in this place as a percentage of non-inter-level travel turns spent in this place.
 E = Turns spent auto-exploring this place as a percentage of non-inter-level travel turns spent in this place.
 F = Non-inter-level travel turns spent in this place divided by the number of levels of this place that you've seen.
                   A       B       C       D       E      F
               +-------+-------+-------+-------+-------+----------------------
         Total | 100.0 | 100.0 |   0.0 |   0.0 |   0.0 |  80.5
       Dungeon | 100.0 | 100.0 |   0.0 |   0.0 |   0.0 |  80.5
               +-------+-------+-------+-------+-------+----------------------

Table legend:
 A = Kills in this place as a percentage of kills in entire the game.
 B = Kills by you in this place as a percentage of kills by you in the entire game.
 C = Kills by friends in this place as a percentage of kills by friends in the entire game.
 D = Other kills in this place as a percentage of other kills in the entire game.
 E = Experience gained in this place as a percentage of experience gained in the entire game.
 F = Experience gained in this place divided by the number of levels of this place that you have seen.
                   A       B       C       D       E      F
               +-------+-------+-------+-------+-------+----------------------
         Total | 100.0 | 100.0 |   N/A |   N/A | 100.0 |   4.5
       Dungeon | 100.0 | 100.0 |   N/A |   N/A | 100.0 |   4.5
               +-------+-------+-------+-------+-------+----------------------

Vault maps used:
D:1:      scummos_arrival_checkerplants
D:2:      minmay_alternating_diamond, chequers_ecumenical_altar_lobes,
          uniq_jessica, uniq_terence
